 Dungeon Crawl Stone Soup version 0.29.0-4-gdea44cf6ec (webtiles) character file.

Game seed: 7737908278422654341

187 qw the Ruffian (level 5, -4/41 HPs)
             Began as a Ghoul Fire Elementalist on Aug 29, 2022.
             Slain by an iguana (10 damage)
             ... on level 5 of the Dungeon.
             The game lasted 00:03:26 (4579 turns).

qw the Ruffian (Ghoul Fire Elementalist)            Turns: 4579, Time: 00:03:27

Health: -4/41      AC:  6    Str: 14      XL:     5   Next: 66%
Magic:  15/15      EV:  9    Int: 14      God:
Gold:   236        SH:  0    Dex:  7 (9)  Spells: 6/7 levels left

rFire   . . .      SeeInvis .     - Unarmed
rCold   + . .      Faith    .   (no shield)
rNeg    + + +      Spirit   .   i - +0 scale mail
rPois   inf        Reflect  .   (no helmet)
rElec   .          Harm     .   (no cloak)
rCorr   .          Rampage  .   (no gloves)
Will    +....                   (no boots)
Stlth   ..........              (no amulet)
HPRegen 0.00/turn               f - ring "Xaileim" {Will+ MP+9 Int+4}
MPRegen 0.14/turn               (no ring)

@: inhibited regen
A: claws 1, cold resistance 1, negative energy resistance 3, inhibited
regeneration, torment resistance 2, devour on kill
a: no special abilities


You were on level 5 of the Dungeon.
You visited 1 branch of the dungeon, and saw 5 of its levels.

You collected 236 gold pieces.


Innate Abilities, Weirdness & Mutations

You are immune to poison.
You have sharp fingernails.
Your flesh is cold resistant. (rC+)
You are immune to negative energy. (rN+++)
You do not regenerate when monsters are visible.
You are immune to unholy pain and torment.
You thrive by killing the living.


   Skills:
 - Level 2.1 Fighting
 - Level 1.7 Dodging
 - Level 2.1 Stealth
 + Level 5.1 Unarmed Combat
 - Level 1.7 Spellcasting
 - Level 0.7 Conjurations
 - Level 2.4 Fire Magic


You had 6 spell levels left.
You knew the following spells:

 Your Spells              Type           Power      Damage    Failure   Level
a - Foxfire               Conj/Fire      20%        2x1d5     50%         1

Your spell library contained the following spells:

 Spells                   Type           Power      Damage    Failure   Level
 Scorch                   Fire           14%        2d6       52%         2
 Conjure Flame            Conj/Fire      5%         6-21      86%         3
 Inner Flame              Hex/Fire       4%         N/A       90%         3
 Flame Wave               Conj/Fire      5%         2d5       99%         4

Inventory:

Armour
 g - a +0 pair of gloves
 i - a +0 scale mail (worn)
Jewellery
 f - the ring "Xaileim" (left claw) {Will+ MP+9 Int+4}
   (You took it off a hobgoblin on level 2 of the Dungeon)

   [ring of magical power]

   Int:       It affects your intelligence (+4).
   MP:        It affects your magic capacity (+9).
   Will:      It increases your willpower.
Scrolls
 h - 2 scrolls of identify
Potions
 a - a potion of resistance
 b - 2 potions of curing
 d - a potion of ambrosia {unknown}
 e - a potion of might
 j - a potion of attraction {unknown}

Dungeon Overview and Level Annotations

Branches:
Dungeon (5/15)
 Temple: D:4-7

Altars:

Annotations:
D:3 1 runed translucent door, Crazy Yiuf
D:5 2 transporters, qw's ghost, amateur TeWr


Message History

4560 ||| Stepping ~*~*~tactically~*~*~ (outnumbered).
4561 ||| Stepping ~*~*~tactically~*~*~ (outnumbered).
The iguana attacks as you move away! The iguana bites you!
4562 ||| Stepping ~*~*~tactically~*~*~ (outnumbered).
4563 ||| Stepping ~*~*~tactically~*~*~ (outnumbered).
The phantom attacks as you move away! The phantom hits you.
The iguana attacks as you move away!
The iguana bites you but does no damage.
4564 ||| Stepping ~*~*~tactically~*~*~ (outnumbered).
The phantom attacks as you move away! The phantom hits you.
4565 ||| Stepping ~*~*~tactically~*~*~ (outnumbered).
The iguana attacks as you move away! The iguana bites you.
4566 ||| Stepping ~*~*~tactically~*~*~ (outnumbered).
The phantom attacks as you move away! The phantom hits you.
4567 ||| Stepping ~*~*~tactically~*~*~ (outnumbered).
4568 ||| Stepping ~*~*~tactically~*~*~ (outnumbered).
4569 ||| Stepping ~*~*~tactically~*~*~ (outnumbered).
The iguana attacks as you move away!
The iguana bites you but does no damage.
4570 ||| Stepping ~*~*~tactically~*~*~ (outnumbered).
The phantom attacks as you move away! The phantom barely misses you.
4571 ||| Stepping ~*~*~tactically~*~*~ (outnumbered).
The phantom attacks as you move away! The phantom closely misses you.
The iguana attacks as you move away! The iguana bites you.
4572 ||| Stepping ~*~*~tactically~*~*~ (outnumbered).
4573 ||| Stepping ~*~*~tactically~*~*~ (outnumbered).
The iguana attacks as you move away!
The iguana bites you but does no damage.
4574 ||| Stepping ~*~*~tactically~*~*~ (outnumbered).
The iguana attacks as you move away! The iguana bites you.
4575 ||| Stepping ~*~*~tactically~*~*~ (outnumbered).
4576 ||| Stepping ~*~*~tactically~*~*~ (outnumbered).
4577 ||| Stepping ~*~*~tactically~*~*~ (outnumbered).
The phantom attacks as you move away! The phantom closely misses you.
4578 ||| Stepping ~*~*~tactically~*~*~ (outnumbered).
4579 ||| Stepping ~*~*~tactically~*~*~ (outnumbered).
The phantom attacks as you move away!
The phantom hits you but does no damage.
The iguana attacks as you move away! The iguana bites you!
You die...

.......l#..######..#.#.#.#...
#.....#W#..#....#..........##
.#...#..#..#....#..#.#.#.#.######
...^....#..#..........<......<...
.#...#..#..#.......#.#.#.#.....#
#..... #.........#.........#
..... #......>..#.........# 8..$$
###.......#........## #####
#..@....####.##### ...^.
#..Wl...#....# .....
#.........#### ....
#............#. ....
#..............# ....
#..............# ###
#................
###........##.....# #..........#
......


You could see a phantom and an iguana.

Vanquished Creatures
  A bullfrog (D:5)
  Jessica (D:3)
  2 adders (D:3)
  A worm (D:4)
  An orc (D:5)
  6 ball pythons
  6 bats
  7 endoplasms
  A giant cockroach (D:2)
  9 goblins
  11 hobgoblins
  A jackal (D:5)
  5 quokkas
  4 frilled lizards
  4 kobolds
  9 rats
69 creatures vanquished.

Notes
Turn   | Place    | Note
-------+----------+-------------------------------------------
     0 | D:1      | qw the Ghoul Fire Elementalist began the quest for the Orb.
     0 | D:1      | Reached XP level 1. HP: 14/14 MP: 2/2
     0 | D:1      | 0 ||| qw: Version: 0.1-a-90-g952f4b7
     0 | D:1      | 0 ||| qw: Game counter: 4133
     0 | D:1      | 0 ||| qw: Always use a shield: true
     0 | D:1      | 0 ||| qw: God list: Okawaru
     0 | D:1      | 0 ||| qw: Allow faded altars: false
     0 | D:1      | 0 ||| qw: Do Orc after D:15 true
     0 | D:1      | 0 ||| qw: Do second Lair branch before Depths: true
     0 | D:1      | 0 ||| qw: Lair rune preference: random
     0 | D:1      | 0 ||| qw: Plans: Normal
     0 | D:1      | 0 ||| PLANNING D:1-11
   182 | D:1      | Reached skill level 1 in Unarmed Combat
   486 | D:1      | Reached skill level 1 in Fighting
   486 | D:1      | Reached XP level 2. HP: 17/23 MP: 3/3
   647 | D:1      | 647 ||| Stepping ~*~*~tactically~*~*~ (outnumbered).
   648 | D:1      | 648 ||| Stepping ~*~*~tactically~*~*~ (outnumbered).
   649 | D:1      | 649 ||| Stepping ~*~*~tactically~*~*~ (outnumbered).
   906 | D:1      | Reached skill level 2 in Unarmed Combat
  1199 | D:1      | Reached XP level 3. HP: 28/28 MP: 4/4
  1492 | D:1      | 1492 ||| UPGRADING to +0 ring mail.
  1502 | D:1      | 1502 ||| DROPPING +0 robe.
  1503 | D:1      | 1503 ||| DROPPING potion of magic.
  1521 | D:2      | 1521 ||| STAIRDANCE
  1803 | D:2      | Identified the ring "Xaileim" {Will+ MP+9 Int+4}
  1811 | D:2      | 1811 ||| Stepping ~*~*~tactically~*~*~ (outnumbered).
  1886 | D:2      | Reached skill level 3 in Unarmed Combat
  2013 | D:2      | 2013 ||| Stepping ~*~*~tactically~*~*~ (stealth).
  2014 | D:2      | 2014 ||| Stepping ~*~*~tactically~*~*~ (stealth).
  2343 | D:2      | 2343 ||| UPGRADING to ring "Xaileim" {Will+ MP+9 Int+4}.
  2413 | D:2      | 2413 ||| READING scroll labelled CYAJOU WEEK.
  2414 | D:2      | 2414 ||| READING scroll labelled PEFUTU LACK.
  2415 | D:2      | 2415 ||| READING scroll labelled EKHAROILAG.
  2416 | D:2      | 2416 ||| READING scroll labelled XOOFYB MUODIE.
  2450 | D:3      | Noticed Jessica
  2451 | D:3      | 2451 ||| Stepping ~*~*~tactically~*~*~ (hiding).
  2624 | D:3      | 2624 ||| Stepping ~*~*~tactically~*~*~ (hiding).
  2726 | D:3      | 2726 ||| Stepping ~*~*~tactically~*~*~ (hiding).
  2740 | D:3      | Reached XP level 4. HP: 13/35 MP: 5/5
  2742 | D:3      | HP: 5/35 [Jessica/+0 dagger (5)]
  2743 | D:3      | HP: 2/35 [Jessica/+0 dagger (1)]
  2744 | D:3      | Killed Jessica
  2745 | D:3      | Reached skill level 4 in Unarmed Combat
  3318 | D:3      | Found a runed translucent door.
  3319 | D:3      | Noticed Crazy Yiuf
  3349 | D:3      | Found a faded altar of an unknown god.
  3660 | D:3      | 3660 ||| DROPPING +0 leather armour of willpower.
  3661 | D:3      | 3661 ||| UPGRADING to +0 scale mail.
  3671 | D:3      | 3671 ||| DROPPING +0 ring mail.
  3672 | D:3      | 3672 ||| READING 2 scrolls labelled YGITEKIAVA.
  3673 | D:3      | 3673 ||| READING scroll labelled UQAZAFF DUTEXT.
  3774 | D:3      | 3774 ||| DRINKING 2 black potions.
  3775 | D:3      | 3775 ||| DRINKING 2 dark potions.
  3776 | D:3      | 3776 ||| DROPPING potion of degeneration.
  3777 | D:3      | 3777 ||| DROPPING potion of brilliance.
  3906 | D:4      | Reached XP level 5. HP: 41/41 MP: 6/6
  4079 | D:4      | Identified the +6 sling "Teuji" {vorpal, +Blink Dex+2}
  4298 | D:4      | 4298 ||| READING scroll labelled ECONIE URRAKHA.
  4299 | D:4      | 4299 ||| READING scroll labelled WATAASETUU.
  4300 | D:4      | 4300 ||| DRINKING 3 ruby potions.
  4301 | D:4      | 4301 ||| DRINKING 2 bubbling amethyst potions.
  4302 | D:4      | 4302 ||| DRINKING 2 viscous amethyst potions.
  4303 | D:4      | 4303 ||| READING 4 scrolls of identify.
  4303 | D:4      | 4303 ||| IDENTIFYING emerald potion
  4304 | D:4      | 4304 ||| READING 3 scrolls of identify.
  4304 | D:4      | 4304 ||| IDENTIFYING red potion
  4305 | D:4      | 4305 ||| DROPPING potion of flight.
  4316 | D:5      | Entered Level 5 of the Dungeon
  4316 | D:5      | Found a transporter.
  4392 | D:5      | Noticed qw's ghost (amateur TeWr)
  4394 | D:5      | Found a transporter.
  4395 | D:5      | Noticed an orc warrior
  4430 | D:5      | HP: 9/41 [orc/+0 flail (2)]
  4431 | D:5      | 4431 ||| DRINKING potion of heal wounds.
  4434 | D:5      | Reached skill level 5 in Unarmed Combat
  4554 | D:5      | Noticed a phantom
  4560 | D:5      | 4560 ||| Stepping ~*~*~tactically~*~*~ (outnumbered).
  4561 | D:5      | 4561 ||| Stepping ~*~*~tactically~*~*~ (outnumbered).
  4562 | D:5      | 4562 ||| Stepping ~*~*~tactically~*~*~ (outnumbered).
  4563 | D:5      | 4563 ||| Stepping ~*~*~tactically~*~*~ (outnumbered).
  4564 | D:5      | 4564 ||| Stepping ~*~*~tactically~*~*~ (outnumbered).
  4565 | D:5      | 4565 ||| Stepping ~*~*~tactically~*~*~ (outnumbered).
  4566 | D:5      | 4566 ||| Stepping ~*~*~tactically~*~*~ (outnumbered).
  4567 | D:5      | 4567 ||| Stepping ~*~*~tactically~*~*~ (outnumbered).
  4568 | D:5      | 4568 ||| Stepping ~*~*~tactically~*~*~ (outnumbered).
  4569 | D:5      | 4569 ||| Stepping ~*~*~tactically~*~*~ (outnumbered).
  4570 | D:5      | 4570 ||| Stepping ~*~*~tactically~*~*~ (outnumbered).
  4571 | D:5      | 4571 ||| Stepping ~*~*~tactically~*~*~ (outnumbered).
  4571 | D:5      | HP: 9/41 [iguana (4)]
  4572 | D:5      | 4572 ||| Stepping ~*~*~tactically~*~*~ (outnumbered).
  4573 | D:5      | 4573 ||| Stepping ~*~*~tactically~*~*~ (outnumbered).
  4574 | D:5      | 4574 ||| Stepping ~*~*~tactically~*~*~ (outnumbered).
  4575 | D:5      | 4575 ||| Stepping ~*~*~tactically~*~*~ (outnumbered).
  4576 | D:5      | 4576 ||| Stepping ~*~*~tactically~*~*~ (outnumbered).
  4577 | D:5      | 4577 ||| Stepping ~*~*~tactically~*~*~ (outnumbered).
  4578 | D:5      | 4578 ||| Stepping ~*~*~tactically~*~*~ (outnumbered).
  4579 | D:5      | 4579 ||| Stepping ~*~*~tactically~*~*~ (outnumbered).
  4579 | D:5      | Slain by an iguana

Levels and vault maps discovered:
D:1:      minmay_arrival_floating_metal, layout_basic, serial_glass,
          glass_columns_a, glass_columns_a
D:2:      layout_loops_ring, minmay_fractal_squares_gapless_5
D:3:      layout_rooms, basic_ecumenical_altar, uniq_jessica,
          uniq_crazy_yiuf_cottage
D:4:      layout_cave_pools
D:5:      minmay_octagon_keep, layout_basic, gammafunk_ghost_arena, st_stairs_8,
          hellmonk_bongcloud_opening, lemuel_flamethrower_1

Skill      XL: |  1  2  3  4  5 |
---------------+----------------+-----
Unarmed Combat | 1 2 3 4 5 |  5.1
Fighting       | 1 2 |  2.1
Dodging        | |  1.7
Stealth        | |  2.1
Spellcasting   | |  1.7
Conjurations   | |  0.7
Fire Magic     | |  2.4

Action                   |  1- 3 |  4- 6 || total
-------------------------+-------+-------++-------
Melee: Unarmed           |   200 |    77 ||   277
       Punch             |     5 |     1 ||     6
Throw: Javelin           |       |     3 ||     3
  Use: Scroll            |     4 |     6 ||    10
       Potion            |       |     6 ||     6
Armor: Robe              |     8 |       ||     8
       Ring mail         |    37 |    17 ||    54
       Scale mail        |       |    28 ||    28
Dodge: Dodged            |    87 |    51 ||   138

Table legend:
 A = Non-vault XP
 B = Vault XP
 C = Vault XP percentage of total XP
 D = Non-vault monster count
 E = Vault monster count
 F = Vault count percentage of total count
                 A         B        C        D         E       F
            +---------+---------+-------+---------+---------+-------
      Total |     222 |      46 |  17.2 |      63 |       6 |   8.7
            +---------+---------+-------+---------+---------+-------
        D:1 |      38 |       0 |   0.0 |      24 |       0 |   0.0
        D:2 |      35 |       4 |  10.3 |      20 |       3 |  13.0
        D:3 |      43 |      37 |  46.2 |      12 |       1 |   7.7
        D:4 |      11 |       0 |   0.0 |       5 |       0 |   0.0
        D:5 |      95 |       5 |   5.0 |       2 |       2 |  50.0
            +---------+---------+-------+---------+---------+-------
